 Dungeon Crawl Stone Soup version 0.16-a0-421-gd787d97 (webtiles) character file.

2559 Ratboiler the Chopper (level 9, 0/48 HPs)
             Began as a Vine Stalker Berserker on Sept 15, 2014.
             Was a High Priest of Trog.
             Slain by a yak (7 damage)
             ... on Level 8 of the Dungeon.
             The game lasted 00:18:42 (5635 turns).

Ratboiler the Chopper (Vine Stalker Berserker)      Turns: 5635, Time: 00:18:43

HP   0/48        AC 12     Str 19      XL: 9   Next: 56%
MP   0/12        EV 10     Int  7      God: Trog [*****.]
Gold 425         SH  0     Dex 17 (18) Spells:  0 memorised,  8 levels left

rFire  . . .     SeeInvis .     a - +3 hand axe
rCold  . . .     Clarity  .     u - +0 scale mail
rNeg   . . .     rCorr    .     r - +0 buckler
rPois  .         rRot     +     (no helmet)
rElec  .         Spirit   +     p - +0 cloak
SustAb .         Warding  .     T - +2 pair of gloves
rMut   .         Stasis   .     (no boots)
Gourm  .                        (no amulet)
MR     +....                    V - +2 ring of evasion
                                z - +1 ring of protection

@: confused, exhausted, somewhat resistant to hostile enchantments, extremely
unstealthy
A: fangs 3, regeneration 2, magic shield, antimagic bite, no device heal 3, rot
immunity
a: Burn Spellbooks, Berserk, Trog's Hand, Brothers in Arms, Renounce Religion


You were on level 8 of the Dungeon.
You worshipped Trog.
Trog was extremely pleased with you.
You were not hungry.

You visited 1 branch of the dungeon, and saw 9 of its levels.

You collected 425 gold pieces.

Inventory:

Hand weapons
 a - a +3 hand axe (weapon)
 o - a +4 quarterstaff of chaos
 y - a +0 hand axe
Missiles
 k - 26 poisoned needles
 q - 6 tomahawks (quivered)
 M - 2 needles of confusion
Armour
 p - a +0 cloak (worn)
 r - a +0 buckler (worn)
 t - a +2 large shield
 u - a +0 scale mail (worn)
 T - a +2 pair of gloves (worn)
Magical devices
 S - a wand of magic darts (13)
 U - a wand of slowing (13)
Comestibles
 c - 3 bread rations
 n - 2 meat rations
 J - a rotting chunk of hobgoblin flesh
Scrolls
 e - 3 scrolls of remove curse {unknown}
 f - 10 scrolls of identify {unknown}
 h - 2 scrolls of immolation {unknown}
 i - a scroll of magic mapping {unknown}
 m - a scroll of teleportation {unknown}
 D - 4 scrolls of fog {unknown}
 N - a scroll of enchant weapon {unknown}
 O - a scroll of enchant armour {unknown}
 P - a scroll of amnesia {unknown}
Jewellery
 s - an uncursed ring of stealth
 v - an uncursed ring of sustain abilities
 z - a +1 ring of protection (left hand)
 A - a +2 ring of intelligence
 R - an uncursed ring of positive energy
 V - a +2 ring of evasion (right hand)
Potions
 d - 2 potions of agility
 g - 2 potions of magic {unknown}
 j - a potion of porridge
 l - a potion of resistance {unknown}
 w - a potion of berserk rage {unknown}
 B - a potion of heal wounds {unknown}
 C - a potion of might {unknown}
 E - a potion of lignification {unknown}
 F - 2 potions of confusion
 G - a potion of restore abilities {unknown}
 H - a potion of curing {unknown}
 I - a potion of cure mutation {unknown}
 K - 2 potions of haste {unknown}
 Q - a potion of invisibility {unknown}
 W - a potion of flight {unknown}
Books
 b - a book of Debilitation

   Spells                             Type                      Level
   Corona                             Hexes                        1
   Slow                               Hexes                        2
   Inner Flame                        Hexes/Fire                   3
   Enslavement                        Hexes                        4
   Cause Fear                         Hexes                        4
   Leda's Liquefaction                Hexes/Earth                  4
   Trog disapproves of the use of such an item.
 x - a Grand Grimoire {highlevel, unknown}

   This book is beyond your current level of understanding.

   Spells                             Type                      Level
   Aura of Abjuration                 Summoning                    6
   Forceful Dismissal                 Summoning                    6
   Summon Greater Demon               Summoning                    7
   Malign Gateway                     Summoning/Translocation      7
   Summon Horrible Things             Summoning                    8
   Trog disapproves of the use of such an item.
Rods
 L - a +2 rod of destruction (13/13)
   (You found it on level 6 of the Dungeon)


   Skills:
 + Level 5.9 Fighting
 * Level 7.8 Axes
 + Level 4.9 Armour
 + Level 4.9 Dodging


You had 8 spell levels left.
You didn't know any spells.

Dungeon Overview and Level Annotations

Branches:
Dungeon (9/15)             Temple (0/1) D:7
    Orc: D:9-12        Lair: D:8-11

Altars:
Fedhas
Gozag
Nemelex Xobeh
Qazlal
Sif Muna
Trog
Xom

Shops:
D:8 *


Innate Abilities, Weirdness & Mutations

You have razor-sharp teeth.
You heal very quickly.
When hurt, damage is shared between your health and your magic reserves.
Your bite disrupts and absorbs the magic of your enemies.
Potions and wands cannot restore your health.
You are immune to rotting.


Message History

You hit the yak. You bite the yak! You drain its power.
You feel invigorated.
The yak is severely wounded.
The yak gores you! The yak gores you but does no damage.
Unknown command.
You hit the yak. You bite the yak. You drain its power.
You feel invigorated.
You kill the yak!
Trog accepts your kill. The yak gores you!
* * * LOW HITPOINT WARNING * * *
Unknown command.
Your shield and scale mail prevent you from hitting the yak.
Your bite misses the yak.
The yak is moderately wounded.
The yak gores you!
* * * LOW HITPOINT WARNING * * *
Unknown command.
Drink which item? (? for menu, Esc to quit)
You are confused.
It was a potion of confusion.
The yak gores you!
You die...

## .# ### .# ### ..# .# +=#
###.### .# ### #...%.# .# #.#
###)....# .# #.# #@(.....#
.###.## #Y#(....# .##...#
#.#.(.(.# ##..#.# #.#####.#
......### #.# ..≈ ........#
#####.# ##Y%P
##.####.####...#.#######≈.%..
##.....................# ..%
....########...#.####### #
###


You could see a yak.

Vanquished Creatures
  A yak (D:8)
  A hill giant skeleton (D:7)
  2 water moccasins
  An orc warrior (D:6)
  A sky beast (D:5)
  6 ogres
  A necrophage (D:7)
  2 centaurs
  A big kobold (D:8)
  3 giant frogs
  4 killer bees (D:7)
  A crimson imp (D:7)
  A quasit (D:8)
  Crazy Yiuf (D:2)
  2 iguanas
  3 orc priests (D:6)
  2 orc wizards (D:6)
  3 worker ants
  Jessica (D:3)
  A sky beast zombie (D:8)
  An ogre skeleton (D:4)
  11 adders
  7 gnolls (D:6)
  A shadow imp (D:8)
  A giant mite (D:5)
  A worm (shapeshifter) (D:8)
  2 worms
  An adder skeleton (D:7)
  9 giant geckos
  18 orcs
  A giant cockroach (D:1)
  10 goblins
  10 hobgoblins
  5 jackals
  6 kobolds
  A quokka (D:6)
  A ball python (D:1)
  11 bats
  7 giant newts
  A goblin skeleton (D:4)
  16 rats
159 creatures vanquished.

Vanquished Creatures (others)
  A plant (D:8)
1 creature vanquished.

Grand Total: 160 creatures vanquished

Notes
Turn   | Place    | Note
--------------------------------------------------------------
     0 | D:1      | Ratboiler, the Vine Stalker Berserker, began the quest for the Orb.
     0 | D:1      | Reached XP level 1. HP: 11/11 MP: 1/1
    61 | D:1      | Reached XP level 2. HP: 13/16 MP: 3/3
   157 | D:1      | Acquired Trog's second power
   289 | D:1      | Reached skill level 3 in Fighting
   370 | D:1      | Reached XP level 3. HP: 20/20 MP: 4/4
   934 | D:2      | Noticed Crazy Yiuf
   945 | D:2      | Killed Crazy Yiuf
   945 | D:2      | Reached XP level 4. HP: 19/24 MP: 3/5
  1436 | D:2      | Reached XP level 5. HP: 25/28 MP: 7/7
  1717 | D:3      | Noticed Jessica
  1727 | D:3      | Killed Jessica
  2192 | D:4      | Noticed an ogre
  2195 | D:4      | Killed an ogre
  2195 | D:4      | Reached skill level 4 in Axes
  2195 | D:4      | Gained mutation: You heal very quickly. [vine stalker growth]
  2195 | D:4      | Reached XP level 6. HP: 33/33 MP: 8/8
  2391 | D:4      | Found a bloodstained altar of Trog.
  2583 | D:4      | Found a blossoming altar of Fedhas.
  2643 | D:4      | Noticed a centaur
  2653 | D:4      | Killed a centaur
  2820 | D:4      | Reached XP level 7. HP: 33/37 MP: 7/9
  2888 | D:5      | Entered Level 5 of the Dungeon
  3019 | D:5      | Reached skill level 5 in Axes
  3294 | D:5      | Found a deep blue altar of Sif Muna.
  3431 | D:5      | Found a shimmering altar of Xom.
  3635 | D:6      | Acquired Trog's third power
  3686 | D:6      | Gained mutation: You have razor-sharp teeth. [vine stalker growth]
  3686 | D:6      | Reached XP level 8. HP: 42/42 MP: 7/11
  3865 | D:6      | Reached skill level 6 in Axes
  3908 | D:6      | Identified a +2 rod of destruction (13/13) (You found it on level 6 of the Dungeon)
  4031 | D:6      | Found a stormy altar of Qazlal.
  4299 | D:6      | Reached skill level 5 in Fighting
  4349 | D:6      | Found a sparkling altar of Nemelex Xobeh.
  4684 | D:7      | Reached XP level 9. HP: 47/47 MP: 10/12
  4687 | D:7      | Reached skill level 7 in Axes
  4754 | D:7      | Found a staircase to the Ecumenical Temple.
  5328 | D:8      | Found Gozag's Platinum Reserve.
  5347 | D:8      | Found an opulent altar of Gozag.
  5635 | D:8      | Slain by a yak

Action                   |  1- 3 |  4- 6 |  7- 9 || total
-------------------------+-------+-------+-------++-------
Melee: Hand axe          |    93 |    98 |   221 ||   412
Throw: Tomahawk          |       |       |     3 ||     3
Invok: Berserk           |     2 |     2 |     8 ||    12
Evoke: Wand              |       |       |     2 ||     2
  Use: Potion            |       |       |     1 ||     1
 Stab: Distracted        |     1 |       |       ||     1
  Eat: Chunk             |     1 |     5 |     7 ||    13
       Bread ration      |       |     1 |     1 ||     2
       Beef jerky        |       |       |     2 ||     2
       Meat ration       |       |       |     1 ||     1
